AoeStats
← ♚ Cartman ★

Arena

506545015Analyzed
3v3 RM · 19d ago on Sep 14, 2026· 61m 41s· 6 players
Game mode
Random Map
Map size
Normal (6 player)
Population
200
Speed
Normal
Resources
Standard
Victory
Conquest
Starting age
Dark Age
Ending age
Imperial Age
RankedLock teamsTeams togetherTeam positionsShared explorationLock speedFull tech treeHidden civsTurbo modeCheats
Victory
Defeat
🇨🇱 Wei · Chile
496
+16
🇨🇦 Jurchens · Canada
475
+17
🇧🇷 Franks · Brazil
469
+17
🇨🇴 Portuguese · Colombia
589
-21
🇦🇷 Britons · Argentina
537
-18
🇧🇷 Bulgarians · Brazil
346
-11
Rod
0:33 Loom
13:26 Feudal Age
14:42 Wheelbarrow
13:53 Town Watch
13:59 Double-Bit Axe
14:11 Gold Mining
14:46 Stone Mining
25:34 Castle Age
24:44 Forging
24:40 Scale Barding Armor
25:40 Fletching
27:04 Hand Cart
26:50 Town Patrol
27:19 Caravan
27:42 Bow Saw
28:48 Gold Shaft Mining
29:22 Husbandry
36:05 Imperial Age
34:20 Fortified Wall
34:32 Ballistics
35:04 Iron Casting
35:23 Murder Holes
35:39 Masonry
36:12 Chain Barding Armor
37:11 Conscription
36:24 Cavalier
38:58 Blast Furnace
39:34 Chemistry
39:50 Plate Barding Armor
40:11 Architecture
41:22 Paladin
42:52 Chivalry
44:21 Hoardings
44:10 Fervor
45:31 Light Cavalry
61:04 Spies/Treason
Aldo5978
1:13 Loom
11:20 Feudal Age
12:40 Wheelbarrow
13:38 Double-Bit Axe
13:37 Horse Collar
18:56 Gold Mining
18:57 Stone Mining
23:47 Castle Age
23:34 Man-at-Arms
25:06 Bow Saw
25:07 Heavy Plow
26:38 Gold Shaft Mining
26:39 Stone Shaft Mining
28:09 Hand Cart
34:22 Husbandry
37:08 Imperial Age
39:26 Heavy Hei Guang Cavalry
42:45 Tuntian
53:23 Long Swordsman
62:19 Caravan
62:49 Coinage
Feudal Temptation
0:28 Loom
12:18 Feudal Age
20:11 Castle Age
19:06 Double-Bit Axe
19:03 Horse Collar
23:13 Bow Saw
24:07 Wheelbarrow
32:05 Hand Cart
32:07 Gold Mining
32:19 Pikeman
32:23 Elite Skirmisher
32:25 Crossbowman
33:49 Husbandry
34:00 Bloodlines
Rafagnarssôn
0:44 Loom
11:44 Feudal Age
15:45 Double-Bit Axe
15:55 Stone Mining
15:56 Horse Collar
21:15 Wheelbarrow
20:26 Town Watch
22:38 Gold Mining
22:47 Fletching
24:13 Horse Collar
29:07 Castle Age
30:20 Hand Cart
30:55 Ballistics
30:47 Masonry
30:33 Murder Holes
36:15 Bodkin Arrow
36:37 Scale Barding Armor
36:43 Forging
38:35 Chain Barding Armor
39:20 Iron Casting
39:33 Coinage
40:36 Hand Cart
40:48 Heavy Plow
41:40 Bow Saw
42:12 Gold Shaft Mining
WARRIOR9608
12:07 Feudal Age
21:01 Castle Age
20:31 Horse Collar
20:38 Double-Bit Axe
22:37 Gold Mining
22:37 Stone Mining
24:13 Heavy Plow
24:26 Bow Saw
26:40 Stone Shaft Mining
28:01 Caravan
30:12 Wheelbarrow
34:18 Imperial Age
35:40 Pikeman
36:05 Arson
37:22 Elite Organ Gun
38:12 Halberdier
39:38 Cavalier
40:18 Husbandry
39:40 Light Cavalry
40:31 Bloodlines
48:06 Chemistry
47:29 Ballistics
♚ Cartman ★
15:32 Feudal Age
19:21 Wheelbarrow
18:32 Town Watch
19:57 Man-at-Arms
20:23 Arson
20:32 Gold Mining
20:36 Stone Mining
22:09 Horse Collar
23:44 Scale Mail Armor
23:50 Scale Barding Armor
23:56 Forging
23:36 Fletching
23:47 Padded Archer Armor
29:45 Castle Age
30:58 Hand Cart
30:43 Town Patrol
30:14 Crossbowman
30:21 Long Swordsman
30:23 Pikeman
31:04 Squires
30:50 Gambesons
33:48 Gold Shaft Mining
33:16 Heavy Plow
33:05 Double-Bit Axe
33:26 Elite Skirmisher
35:12 Chain Barding Armor
35:07 Chain Mail Armor
35:08 Leather Archer Armor
34:48 Bodkin Arrow
35:29 Iron Casting
39:34 Imperial Age
38:35 Yeomen
44:29 Husbandry
43:50 Cavalier
44:04 Elite Longbowman
46:27 Bow Saw
48:56 Chemistry
48:21 Ballistics
47:58 Heated Shot
47:50 Treadmill Crane
49:05 Masonry
48:32 Cavalier
49:24 Warwolf
49:45 Heavy Scorpion
51:25 Plate Barding Armor
52:16 Plate Mail Armor
52:17 Ring Archer Armor
55:15 Two-Man Saw
54:03 Arrowslits
54:30 Fortified Wall
55:26 Bracer
56:26 Blast Furnace
59:16 Heavy Cavalry Archer
59:18 Arbalester
60:37 Murder Holes
Connection lost

Rejoining the realm…

Still unreachable

The connection could not be restored.

Session expired

The server has moved on; the page needs a fresh start.